 Dungeon Crawl Stone Soup version 0.25-a0-869-g05d4e06a41 (webtiles) character file.

Game seed: 4888999941352224428, levelgen mode: deterministic

375 Maedhros the Insei (level 6, 0/38 HPs)
             Began as an Octopode Artificer on Apr 30, 2020.
             Slain by an iguana (3 damage)
             ... on level 6 of the Dungeon.
             The game lasted 00:05:04 (1133 turns).

Maedhros the Insei (Octopode Artificer)             Turns: 1133, Time: 00:05:04

Health: 0/38       AC:  1    Str: 12    XL:     6   Next: 73%
Magic:  8/8        EV: 14    Int: 13    God:
Gold:   176        SH:  0    Dex: 14    Spells: 3/5 levels left

rFire    . . .     SeeInvis .   a - +0 short sword
rCold    . . .     Gourm    .   (no shield)
rNeg     . . .     Faith    .   (helmet restricted)
rPois    .         Spirit   .   (no amulet)
rElec    .         Reflect  .   r - +1 ring of evasion
rCorr    .         Harm     .   (no ring)
MR       .....                  (no ring)
Stlth    ++++......             (no ring)
HPRegen  0.12/turn              (no ring)
MPRegen  0.11/turn              (no ring)
                                (no ring)
                                (no ring)

@: no status effects
A: almost no armour, stealthy swim, amphibious, 8 rings, constrict 8, camouflage
1, gelatinous body 1
a: no special abilities


You were on level 6 of the Dungeon.
You were not hungry.

You visited 2 branches of the dungeon, and saw 7 of its levels.

You collected 176 gold pieces.

Inventory:

Hand Weapons
 a - a +0 short sword (weapon)
 g - a +0 hunting sling
Missiles
 k - 96 stones (quivered)
 l - 24 sling bullets
Jewellery
 r - a +1 ring of evasion (left tentacle)
Wands
 b - a wand of flame (4)
 c - a wand of enslavement (11)
 d - a wand of random effects (5)
 q - a wand of disintegration (13)
Scrolls
 e - 2 scrolls of immolation {unknown}
 h - 2 scrolls of teleportation {unknown}
 j - a scroll of enchant armour {unknown}
 m - 2 scrolls of identify {unknown}
 o - a scroll of remove curse {unknown}
Potions
 i - 2 potions of mutation {unknown}
 n - a potion of heal wounds {unknown}
 p - a potion of stabbing {unknown}
Comestibles
 f - 5 rations
 s - 3 chunks of flesh


   Skills:
 - Level 1.0 Fighting
 - Level 1.0 Short Blades
 - Level 2.0 Dodging
 - Level 4.0 Stealth
 + Level 5.1 Unarmed Combat
 + Level 2.6 Summonings
 - Level 3.2 Evocations


You had 3 spell levels left.
You knew the following spells:

 Your Spells              Type           Power        Failure   Level  Hunger
a - Call Imp              Summ           #.......     16%         2    ###....

Your spell library contained the following spells:

 Spells                   Type           Power        Failure   Level  Hunger
 Magic Dart               Conj           #...         30%         1    ##.....
 Blink                    Tloc           N/A          43%         2    ###....
 Slow                     Hex            #.......     43%         2    ###....
 Conjure Flame            Conj/Fire      #.......     67%         3    ####...
 Mephitic Cloud           Conj/Pois/Air  #.......     67%         3    ####...


Dungeon Overview and Level Annotations

Branches:
Dungeon (6/15)             Temple (1/1) D:5

Altars:
Elyvilon
Fedhas
Gozag
Kikubaaqudgha
Makhleb
Okawaru
Qazlal
Sif Muna
Trog
Uskayaw
Vehumet
Wu Jian
Xom
Yredelemnul
The Shining One


Innate Abilities, Weirdness & Mutations

You cannot wear most types of armour.
You are very stealthy in the water. (Stealth+)
You are amphibious.
You can wear up to eight rings at the same time.
You can use your tentacles to constrict eight enemies at once.
Your skin changes colour to match your surroundings (Stealth+).
Your rubbery body absorbs attacks. (AC +1, EV +1)


Message History

The iguana bites you.
You closely miss the iguana. You grab the iguana.
The iguana is lightly wounded.
You constrict the iguana. The iguana bites you.
You hit the iguana but do no damage.
The iguana is lightly wounded.
You constrict the iguana, but do no damage.
The iguana barely misses you.
You hit the iguana. You squeeze the iguana.
The iguana is heavily wounded.
You constrict the iguana, but do no damage.
The iguana misses you.
You barely miss the iguana.
The iguana is heavily wounded.
You constrict the iguana. The iguana bites you!
* * * LOW HITPOINT WARNING * * *
You hit the iguana but do no damage.
The iguana is heavily wounded.
You constrict the iguana. The iguana bites you.
You die...

#..........# #.#
######.##### #.#
#.# #.#
#.########.#
..........>#
#.########'######
#+# #.......#
###.......#
#..@......#
#.l.......#
#.........#
#.........#
#.........#
#.......a.#
####......#
......#


You could see an iguana and a worker ant (sleeping).

Vanquished Creatures
  An ice beast (D:5)
  A centaur (D:5)
  2 orc priests (D:5)
  An orc wizard (D:5)
  2 adders
  3 orcs (D:4)
  3 jackals (D:4)
  A quokka (D:4)
  A bat (D:3)
  3 kobolds
18 creatures vanquished.

Vanquished Creatures (collateral kills)
  Eustachio (D:5)
  An orc (D:4)
  A quokka zombie (D:5)
3 creatures vanquished.

Grand Total: 21 creatures vanquished

Notes
Turn   | Place    | Note
-------+----------+-------------------------------------------
     0 | D:1      | Maedhros the Octopode Artificer began the quest for the
                  | Orb.
     0 | D:1      | Reached XP level 1. HP: 13/13 MP: 3/3
   123 | D:3      | Found a bloodstained altar of Trog.
   172 | D:3      | Reached XP level 2. HP: 17/18 MP: 4/4
   310 | D:4      | Found a glowing golden altar of the Shining One.
   433 | D:4      | Reached skill level 1 in Unarmed Combat
   433 | D:4      | Reached XP level 3. HP: 9/23 MP: 5/5
   717 | D:5      | Entered Level 5 of the Dungeon
   717 | D:5      | Found a basalt altar of Yredelemnul.
   717 | D:5      | Noticed an ice beast
   719 | D:5      | Noticed a scorpion
   725 | D:5      | Killed an ice beast
   725 | D:5      | Reached skill level 3 in Unarmed Combat
   725 | D:5      | Reached XP level 4. HP: 26/28 MP: 6/6
   725 | D:5      | Reached XP level 5. HP: 31/33 MP: 7/7
   765 | D:5      | Found a staircase to the Ecumenical Temple.
   776 | Temple   | Entered the Ecumenical Temple
   835 | D:5      | Found a hide-covered altar of Uskayaw.
   849 | D:5      | Noticed a centaur
   868 | D:5      | Learned a level 2 spell: Call Imp
   882 | D:5      | Killed a centaur
   882 | D:5      | Reached skill level 4 in Unarmed Combat
   909 | D:5      | Reached skill level 1 in Summonings
   909 | D:5      | Reached XP level 6. HP: 22/38 MP: 3/8
   994 | D:5      | Noticed Eustachio
  1006 | D:5      | Killed Eustachio
  1006 | D:5      | Reached skill level 5 in Unarmed Combat
  1133 | D:6      | Slain by an iguana

Levels and vault maps discovered:
D:1:      ebering_trefoil_3fold, layout_basic
D:2:      layout_basic, minmay_tripent
D:3:      layout_basic, trog_three_pillars_becter
D:4:      layout_cave_pods, lemuel_round_altar, first_ration,
          saegor_snake_ambush
D:5:      layout_rooms, yredelemnul_altar_generic, zin_angel,
          eat_drink_and_be_merry_uskayaw, minmay_temple_entry_trees,
          uniq_eustachio
D:6:      layout_basic, nicolae_ru_path_of_blood, slow_altar_2, serial_shops,
          shop, nicolae_shop_overgrown_old_shop, led_sif_book, uniq_menkaure
Temple:   minmay_temple_bridge_abc

Skill      XL: |  1  2  3  4  5  6 |
---------------+-------------------+-----
Stealth        | 3 4 |  4.0
Unarmed Combat | 1 3 4 5 |  5.1
Summonings     | 1 2 |  2.6
Fighting       | |  1.0
Short Blades   | |  1.0
Dodging        | |  2.0
Evocations     | |  3.2

Action                   |  1- 3 |  4- 6 || total
-------------------------+-------+-------++-------
Melee: Short sword       |    30 |    15 ||    45
       Constrict         |     8 |     2 ||    10
       Tentacles         |     2 |     2 ||     4
       Punch             |       |     1 ||     1
 Cast: Call Imp          |       |     4 ||     4
Evoke: Wand              |    10 |    15 ||    25
  Use: Potion            |     3 |     1 ||     4
 Stab: Sleeping          |     4 |     1 ||     5
  Eat: Chunk             |       |     1 ||     1
Armor: Skin              |     2 |       ||     2
Dodge: Dodged            |    16 |    11 ||    27

Table legend:
 A = Non-vault XP
 B = Vault XP
 C = Vault XP percentage of total XP
 D = Non-vault monster count
 E = Vault monster count
 F = Vault count percentage of total count
                 A         B        C        D         E       F
            +---------+---------+-------+---------+---------+-------
      Total |     364 |     173 |  32.2 |      20 |       1 |   4.8
            +---------+---------+-------+---------+---------+-------
        D:1 |       1 |       0 |   0.0 |       1 |       0 |   0.0
        D:2 |       1 |       0 |   0.0 |       1 |       0 |   0.0
        D:3 |      15 |       0 |   0.0 |       3 |       0 |   0.0
        D:4 |      32 |       0 |   0.0 |       9 |       0 |   0.0
        D:5 |     315 |     173 |  35.5 |       6 |       1 |  14.3
            +---------+---------+-------+---------+---------+-------
